 Dungeon Crawl Stone Soup version 0.29-a0-362-g5854e031c7 (webtiles) character file.

Game seed: 10385922256109476973

104630 oldriver the Severer (level 15, -2/138 HPs)
             Began as a Palentonga Abyssal Knight on Apr 30, 2022.
             Was the Champion of Lugonu.
             Blown up by an orb spider (32 damage)
             ... with an orb of destruction
             ... summoned by a broodmother
             ... on level 1 of the Spider Nest.
             The game lasted 00:47:32 (24860 turns).

oldriver the Severer (Palentonga Abyssal Knight)   Turns: 24860, Time: 00:47:32

Health: -2/138     AC: 36    Str: 24      XL:     15   Next: 92%
Magic:  21/21      EV:  7    Int: 13 (14) God:    Lugonu [******]
Gold:   1987       SH: 11    Dex: 10 (14) Spells: 14/14 levels left

rFire   . . .      SeeInvis +   a - +7 war axe (flame)
rCold   . . .      Faith    .   A - +2 kite shield
rNeg    . . .      Spirit   .   X - +0 plate armour {rPois}
rPois   +          Reflect  .   m - +2 helmet
rElec   .          Harm     .   y - +0 cloak
rCorr   +          Rampage  .   M - +0 pair of gloves
Will    ++...                   e - +4 barding "Haruil" {rCorr Int+3 Dex+4}
Stlth   ..........              z - amulet of regeneration
HPRegen 1.13/turn               d - +4 ring of evasion
MPRegen 0.17/turn               F - +4 ring of slaying

@: curled up
A: large, rugged brown scales 3, see invisible, deformed body, roll 1, armoured
tail, reflexive curl, strong-willed 1
a: Rolling Charge, Renounce Religion, Depart the Abyss, Bend Space, Banish,
Corrupt, Enter the Abyss, Brand Weapon With Distortion


You were on level 1 of the Spider Nest.
You worshipped Lugonu.
Lugonu was exalted by your worship.
You visited 4 branches of the dungeon, and saw 25 of its levels.
You visited the Abyss 1 time.

You collected 2490 gold pieces.
You spent 503 gold pieces at shops.

Inventory:

Hand Weapons
 a - a +7 war axe of flaming (weapon)
 b - the +9 hunting sling of Hibryfur {freeze, Fly rC+++ Int-3 Dex-2}
   (You found it on level 2 of the Dungeon)

   Any ammunition fired from it freezes those it strikes, dealing additional
   cold damage.
   It can also slow down cold-blooded creatures.
   Int:       It affects your intelligence (-3).
   Dex:       It affects your dexterity (-2).
   rC:        It renders you almost immune to cold.
   Fly:       It grants you flight.
 t - the +5 hand axe of Sloth {vorpal, rPois rF+ rC+ rN+}
   (You found it on level 11 of the Dungeon)

   It inflicts extra damage upon your enemies.
   rF:        It protects you from fire.
   rC:        It protects you from cold.
   rPois:     It protects you from poison.
   rN:        It protects you from negative energy.
Missiles
 q - 7 throwing nets
Armour
 e - the +4 barding "Haruil" (worn) {rCorr Int+3 Dex+4}
   (You acquired it on level 5 of the Dungeon)

   Int:       It affects your intelligence (+3).
   Dex:       It affects your dexterity (+4).
   rCorr:     It protects you from acid and corrosion.
 h - the +3 leather armour "Put-Me-On" {*Corrode rF+ Dex+3}
   (You found it on level 5 of the Dungeon)

   Dex:       It affects your dexterity (+3).
   rF:        It protects you from fire.
   *Corrode:  It may corrode you when you take damage.
 m - a +2 helmet (worn)
 r - a +0 troll leather armour
 y - a +0 cloak (worn)
 A - a +2 kite shield (worn)
 M - a +0 pair of gloves (worn)
 X - a +0 plate armour of poison resistance (worn)
Jewellery
 d - a +4 ring of evasion (left hand)
 o - a +4 ring of protection
 s - a ring of flight
 z - an amulet of regeneration (around neck)
 B - a ring of positive energy
 F - a +4 ring of slaying (right hand)
 V - a +4 ring of evasion
 Z - an amulet of reflection
Wands
 g - a wand of paralysis (18)
 i - a wand of mindburst (22)
 k - a wand of digging (18)
 x - a wand of flame (43)
 H - a wand of iceblast (30)
 J - a wand of polymorph (4)
 N - a wand of acid (8)
Scrolls
 c - 3 scrolls of brand weapon
 j - 2 scrolls of blinking
 l - 2 scrolls of magic mapping
 v - 5 scrolls of teleportation
 w - 5 scrolls of amnesia
 C - a scroll of immolation
 E - 8 scrolls of identify
 K - 3 scrolls of fog
 L - 3 scrolls of fear
 T - a scroll of summoning
 U - 2 scrolls of enchant weapon
 W - a scroll of enchant armour
Potions
 f - 6 potions of curing
 n - 4 potions of mutation
 p - 5 potions of degeneration
 u - 9 potions of brilliance
 D - a potion of invisibility
 G - 4 potions of cancellation
 I - 3 potions of heal wounds
 O - a potion of might
 P - 2 potions of resistance
 Q - 4 potions of ambrosia
 R - 4 potions of haste
 S - a potion of flight
 Y - a potion of berserk rage {unknown}


   Skills:
 + Level 15.5 Fighting
 - Level 16.0 Axes
 + Level 3.4 Slings
 + Level 11.4 Armour
 - Level 5.0 Dodging
 + Level 7.6 Shields
 - Level 9.0 Invocations


You had 14 spell levels left.
You didn't know any spells.
Your spell library contained the following spells:

 Spells                   Type           Power      Damage    Failure   Level
 Animate Skeleton         Necr           0%         N/A       99%         1
 Apportation              Tloc           0%         N/A       99%         1
 Beastly Appendage        Tmut           0%         N/A       99%         1
 Pain                     Necr           0%         1d4       99%         1
 Sandblast                Erth           0%         2d4       99%         1
 Sting                    Tmut/Pois      0%         1d3       99%         1
 Summon Small Mammal      Summ           0%         N/A       99%         1
 Blink                    Tloc           0%         N/A       100%        2
 Corpse Rot               Necr/Air       0%         N/A       100%        2
 Passwall                 Tmut/Erth      0%         N/A       100%        2
 Poisonous Vapours        Pois/Air       0%         N/A       100%        2
 Scorch                   Fire           0%         2d5       100%        2
 Wereblood                Tmut           0%         N/A       100%        2
 Call Canine Familiar     Summ           0%         N/A       100%        3
 Conjure Flame            Conj/Fire      0%         6-21      100%        3
 Ignite Poison            Fire/Tmut/Pois 0%         N/A       100%        3
 Lesser Beckoning         Tloc           0%         N/A       100%        3
 Ozocubu's Armour         Ice            0%         N/A       100%        3
 Portal Projectile        Hex/Tloc       0%         N/A       100%        3
 Spider Form              Tmut/Pois      0%         N/A       100%        3
 Stone Arrow              Conj/Erth      0%         3d7       100%        3
 Vampiric Draining        Necr           0%         2d6       100%        3
 Airstrike                Air            0%         N/A       100%        4
 Animate Armour           Summ/Erth      0%         N/A       100%        4
 Animate Dead             Necr           0%         N/A       100%        4
 Dispel Undead            Necr           0%         3d6       100%        4
 Flame Wave               Conj/Fire      0%         2d4       100%        4
 Leda's Liquefaction      Hex/Erth       0%         N/A       100%        4
 Olgreb's Toxic Radiance  Pois           0%         N/A       100%        4
 Sticky Flame             Conj/Fire      0%         2d3       100%        4
 Summon Lightning Spire   Summ/Air       0%         N/A       100%        4
 Borgnjor's Vile Clutch   Necr/Erth      0%         N/A       100%        5
 Lightning Bolt           Conj/Air       0%         1d11      100%        5
 Manifold Assault         Tloc           0%         N/A       100%        5
 Death Channel            Necr           0%         N/A       100%        6
 Dispersal                Tloc           0%         N/A       100%        6
 Summon Cactus Giant      Summ           0%         N/A       100%        6
 Ozocubu's Refrigeration  Ice            0%         4d5       100%        7
 Disjunction              Tloc           0%         N/A       100%        8
 Lehudib's Crystal Spear  Conj/Erth      0%         10d2      100%        8


Dungeon Overview and Level Annotations

Branches:
Dungeon (15/15)            Temple (0/1) D:5            Lair (6/6) D:11
 Shoals (0/4) Lair:4       Spider (2/4) Lair:4        Slime (0/5) Lair:6
    Orc (2/2) D:12            Elf (0/3) Orc:2        Vaults (0/5) D:14
 Depths (0/4) D:15

Altars:
Ashenzari
Dithmenos
Hepliaklqana
Kikubaaqudgha
Nemelex Xobeh
Ru
Sif Muna
Trog
Vehumet
Wu Jian
Xom
Yredelemnul
Zin
The Shining One
Beogh

Shops:
D:7 [   D:11 *   D:15 :   Orc:2 !([*

Portals:
Trove: D:14 (show abyssal rune of Zot)

Annotations:
D:15 Roxanne
Spider:2 Arachne


Innate Abilities, Weirdness & Mutations

You are completely covered in rugged brown scales. (AC +3, +7% HP)
You have supernaturally acute eyesight. (SInv)
Armour fits poorly on your strangely shaped body.
You can roll at nearby foes to attack.
You have a long armoured tail.
You curl defensively after being hit. (AC +7*)
You are strong-willed. (Will+)


Message History

You hit the jumping spider but do no damage.
You barely miss the tarantella. You block the tarantella's attack.
The jumping spider pounces on you! The jumping spider barely misses you.
The jumping spider leaps!
The broodmother bites you but does no damage.
You slash the broodmother! You burn the broodmother.
The broodmother is almost dead.
You slash the tarantella! You burn the tarantella.
You kill the tarantella!
The tarantella's corpse disappears in a puff of smoke!
You hit the jumping spider but do no damage.
The jumping spider pounces on you!
You are caught in a web!
The jumping spider bites you but does no damage.
The orb spider spins a strand of pure energy.
The broodmother summons spiders!
You block the jumping spider's attack. x2; The wolf spider barely misses you.
The wolf spider bites you but does no damage.
The tarantella touches you but does no damage.
You block the broodmother's attack.
The jumping spider leaps!
You hit the broodmother. You burn the broodmother.
The broodmother is almost dead.
You slash the tarantella! You burn the tarantella. You hit the wolf spider.
You burn the wolf spider. You block the tarantella's attack.
You block the wolf spider's attack. The wolf spider bites you.
The orb spider weaves a glowing orb of energy.
The broodmother bites you but does no damage.
An orb of destruction comes into view.
You hit the broodmother. You burn the broodmother.
You tail-slap the broodmother!
The broodmother is almost dead.
You slash the tarantella! You burn the tarantella.
You kill the tarantella!
The tarantella's corpse disappears in a puff of smoke!
You slash the wolf spider! You burn the wolf spider.
The wolf spider hits you but does no damage.
The wolf spider bites you but does no damage.
The broodmother bites you!!
* * * LOW HITPOINT WARNING * * *
The orb of destruction hits you!!
You die...

#..#..............#...#.##
#..^...#.#...#.........###
#...........s......#..#...
###...#.....#.....[.#.....
##....#............#....
#..#(#.§............#..
##..^s.°......^^.......
##s○○§§.....#.........
#..s@................ ###
##....^...s.>.#...#.. ##≈#
##.#..[.....†#^.#...# ##
###≈≈#####....#.......#.......
.###≈≈≈≈≈##........#..........#..
..##≈≈.#≈###..#.....#..#......#.#
...#.....≈###...............#....
.........#.##.......#.......#.#..
....#......#...#...^.#...##......


You could see a broodmother, a wolf spider (summoned), an orb spider (summoned)
and 2 jumping spiders.

Vanquished Creatures
  Rupert (D:13)
  Agnes (D:14)
  2 ghost moths (Spider:1)
  2 orc warlords (Orc:2)
  2 entropy weavers (Spider:1)
  2 fire dragons (D:15)
  8 hydras
  4 vault guards
  Josephine (D:10)
  Harold (Orc:1)
  6 boulder beetles
  7 centaur warriors
  3 ogre magi
  3 catoblepae
  10 two-headed ogres
  3 death yaks (D:11)
  Urug (D:10)
  A tengu warrior (D:13)
  An orc high priest (Orc:2)
  Sonja (Orc:1)
  Amaemon (Lair:1)
  3 skeletal warriors (D:15)
  A goliath frog (Lair:6)
  A pharaoh ant (Spider:1)
  A steelbarb worm (Spider:2)
  Pikel (D:6)
  3 orc knights
  4 wolf spiders (Spider:1)
  3 deep elf pyromancers (D:14)
  2 manticores
  15 ugly things
  6 cyclopes
  5 oklob plants (Lair:6)
  5 elephants (Lair:3)
  3 black mambas
  A gargoyle (D:14)
  Maurice (D:8)
  2 torpor snails
  Joseph (D:7)
  An orange demon (Lair:1)
  16 cane toads
  3 demonic crawlers
  A rime drake (Lair:5)
  An unseen horror (D:8)
  A rime drake (shapeshifter) (D:10)
  A komodo dragon (shapeshifter) (D:14)
  9 komodo dragons
  3 meliai (D:15)
  8 trolls
  7 slime creatures
  A wolf spider simulacrum (D:15)
  3 hornets
  2 tyrant leeches (Lair:6)
  4 tarantellas (Spider:1)
  26 blink frogs
  A jumping spider (Spider:2)
  4 culicivoras
  A centaur simulacrum (D:14)
  A culicivora (shapeshifter) (D:14)
  3 wraiths (D:10)
  37 yaks
  6 basilisks
  A wyvern (Lair:2)
  10 redbacks
  2 steam dragons
  6 vampire mosquitoes
  An acid dragon (D:11)
  5 wargs
  32 orc warriors
  16 water moccasins
  2 black bears
  An ice beast (D:3)
  3 wolves (Lair:6)
  12 ogres
  19 centaurs
  2 kobold brigands
  3 lemures (D:6)
  22 bullfrogs
  10 gnoll sergeants
  3 scorpions (D:5)
  4 necrophages
  4 wights
  4 killer bees (D:10)
  5 electric eels
  2 hounds (D:5)
  2 jellies (D:5)
  3 gnoll shamans
  18 orc priests
  Crazy Yiuf (D:5)
  8 iguanas
  3 hell rats (D:11)
  25 orc wizards
  27 gnolls
  2 river rats (D:11)
  5 adders
  2 shadow imps
  2 white imps
  3 ufetubi
  A worm (D:4)
  84 orcs
  4 endoplasms
  6 giant cockroaches
  8 goblins
  8 hobgoblins
  10 jackals
  18 kobolds
  8 quokkas
  10 ball pythons
  8 bats
  3 frilled lizards
  23 rats
720 creatures vanquished.

Vanquished Creatures (others)
  Psyche (D:8)
  A ball python (D:8)
  36 fungi
  84 plants
122 creatures vanquished.

Grand Total: 842 creatures vanquished

Notes
Turn   | Place    | Note
-------+----------+-------------------------------------------
     0 | Abyss:1  | oldriver the Palentonga Abyssal Knight began the quest for
                  | the Orb.
     0 | Abyss:1  | Reached XP level 1. HP: 19/19 MP: 2/2
    11 | D:1      | Escaped the Abyss
    35 | D:1      | Found a faded altar of an unknown god.
    90 | D:1      | Reached XP level 2. HP: 20/25 MP: 3/3
   443 | D:1      | Reached skill level 3 in Axes
   697 | D:1      | Reached XP level 3. HP: 29/31 MP: 4/4
   967 | D:1      | Reached *** piety under Lugonu
  1155 | D:2      | Found a shimmering altar of Xom.
  1465 | D:2      | Reached XP level 4. HP: 38/39 MP: 5/5
  1663 | D:2      | Reached skill level 4 in Axes
  1776 | D:2      | Reached **** piety under Lugonu
  1805 | D:2      | Identified the +9 hunting sling of Hibryfur {freeze, Fly
                  | rC+++ Int-3 Dex-2}
  2116 | D:3      | Found a radiant altar of Vehumet.
  2286 | D:3      | Reached XP level 5. HP: 23/44 MP: 6/6
  2827 | D:3      | Noticed an ice beast
  2830 | D:3      | Killed an ice beast
  2831 | D:3      | Reached skill level 5 in Axes
  2831 | D:3      | Reached skill level 1 in Slings
  3082 | D:4      | Reached XP level 6. HP: 39/52 MP: 7/7
  4102 | D:4      | Found a hazy altar of Hepliaklqana.
  4182 | D:5      | Entered Level 5 of the Dungeon
  4196 | D:5      | Identified 2 scrolls of acquirement
  4196 | D:5      | Acquired the +4 barding "Haruil" {rCorr Int+3 Dex+4}
  4209 | D:5      | Acquired a +4 ring of evasion
  4368 | D:5      | Found a shimmering altar of Xom.
  4377 | D:5      | Found a glowing silver altar of Zin.
  4377 | D:5      | Found a basalt altar of Yredelemnul.
  4383 | D:5      | Found a glowing golden altar of the Shining One.
  4454 | D:5      | Identified the +3 leather armour "Put-Me-On" {*Corrode rF+
                  | Dex+3}
  4487 | D:5      | Gained mutation: You curl defensively after being hit. (AC
                  | +7*) [Palentonga growth]
  4487 | D:5      | Reached XP level 7. HP: 57/58 MP: 8/8
  4543 | D:5      | Reached skill level 6 in Axes
  4556 | D:5      | Reached skill level 5 in Fighting
  4733 | D:5      | Found a staircase to the Ecumenical Temple.
  4932 | D:5      | Reached skill level 7 in Axes
  4932 | D:5      | Reached XP level 8. HP: 59/66 MP: 9/9
  4981 | D:5      | Found an ornate altar of the Wu Jian Council.
  5086 | D:5      | Found a sparkling altar of Nemelex Xobeh.
  5380 | D:5      | Found a runed translucent door.
  5381 | D:5      | Noticed Crazy Yiuf
  5527 | D:5      | Killed Crazy Yiuf
  5709 | D:5      | Reached skill level 8 in Axes
  5912 | D:6      | Reached ***** piety under Lugonu
  5925 | D:6      | Found a bloodstained altar of Trog.
  5985 | D:6      | Noticed Pikel
  6028 | D:6      | Gained mutation: You are strong-willed. (Will+) [potion of
                  | mutation]
  6052 | D:6      | HP: 3/69 [lemure[Pikel] (4)]
  6056 | D:6      | Killed Pikel
  6057 | D:6      | Reached skill level 9 in Axes
  6057 | D:6      | Reached XP level 9. HP: 24/77 MP: 8/10
  6921 | D:7      | Noticed Joseph
  7035 | D:7      | Killed Joseph
  7099 | D:7      | Found an ancient bone altar of Kikubaaqudgha.
  7142 | D:7      | Found a sacrificial altar of Ru.
  7206 | D:7      | Found Weshrideog's Armour Shoppe.
  7389 | D:7      | Bought a +2 kite shield for 247 gold pieces
  7662 | D:8      | Reached skill level 10 in Axes
  7674 | D:8      | Reached skill level 1 in Shields
  7853 | D:8      | Noticed Maurice
  7874 | D:8      | Killed Maurice
  7875 | D:8      | Reached XP level 10. HP: 72/85 MP: 12/12
  7875 | D:8      | Noticed Psyche
  7885 | D:8      | Killed Psyche
  8231 | D:8      | Paralysed by a hornet for 1 turns
  8241 | D:8      | Paralysed by a hornet for 3 turns
  8613 | D:9      | Found a broken altar of Ashenzari.
  8998 | D:9      | Reached skill level 11 in Axes
  9054 | D:9      | Paralysed by a hornet for 2 turns
  9060 | D:9      | Paralysed by a hornet for 2 turns
  9066 | D:9      | Reached skill level 1 in Dodging
  9264 | D:9      | Reached skill level 5 in Invocations
  9281 | D:9      | Paralysed by a hornet for 2 turns
  9634 | D:10     | Entered Level 10 of the Dungeon
  9783 | D:10     | Noticed a two-headed ogre
  9796 | D:10     | Killed a two-headed ogre
  9797 | D:10     | Reached skill level 5 in Armour
  9797 | D:10     | Reached XP level 11. HP: 64/93 MP: 15/15
  9856 | D:10     | Noticed Urug
  9864 | D:10     | Noticed Josephine
  9899 | D:10     | Killed Urug
 10017 | D:10     | Reached ****** piety under Lugonu
 10040 | D:10     | Killed Josephine
 10363 | D:11     | Found a shimmering altar of Xom.
 10390 | D:11     | Noticed a death yak
 10394 | D:11     | Noticed a death yak
 10397 | D:11     | Noticed a death yak
 10398 | D:11     | Killed a death yak
 10399 | D:11     | Reached skill level 12 in Axes
 10404 | D:11     | Killed a death yak
 10412 | D:11     | Killed a death yak
 10440 | D:11     | Found a staircase to the Lair.
 10443 | D:11     | Identified the +5 hand axe of Sloth {vorpal, rPois rF+ rC+
                  | rN+}
 10553 | D:11     | Noticed a cyan ugly thing
 10557 | D:11     | Killed a cyan ugly thing
 10664 | D:11     | Found Isedweng's Assorted Antiques.
 10993 | Lair:1   | Entered Level 1 of the Lair of Beasts
 11106 | Lair:1   | Noticed Amaemon
 11119 | Lair:1   | Killed Amaemon
 11126 | Lair:1   | Reached XP level 12. HP: 103/103 MP: 17/17
 11735 | Lair:2   | Reached skill level 13 in Axes
 11746 | Lair:2   | Reached skill level 5 in Shields
 11937 | Lair:2   | Reached skill level 10 in Fighting
 12006 | Lair:2   | Noticed a boulder beetle
 12039 | Lair:2   | Killed a boulder beetle
 12768 | Lair:3   | Noticed an eight-headed hydra
 12779 | Lair:3   | Killed a five-headed hydra
 12919 | Lair:3   | Identified the +11 mace of the Evil Eye {speed, rC++ Int+4
                  | Stlth-}
 12995 | Lair:3   | You fall into a shaft and drop 1 floor!
 12995 | Lair:4   | Noticed a boulder beetle
 13008 | Lair:4   | Killed a boulder beetle
 13108 | Lair:4   | Found a hole to the Spider Nest.
 13285 | Lair:4   | Found a staircase to the Shoals.
 13362 | Lair:3   | Reached skill level 14 in Axes
 13785 | Lair:4   | Noticed a six-headed hydra
 14023 | Lair:4   | Noticed a catoblepas
 14028 | Lair:4   | Killed a catoblepas
 14606 | Lair:5   | Reached XP level 13. HP: 98/111 MP: 19/19
 14949 | Lair:5   | Reached skill level 15 in Axes
 15316 | Lair:6   | Entered Level 6 of the Lair of Beasts
 15866 | Lair:6   | Found a staircase to the Slime Pits.
 15965 | Lair:6   | Reached skill level 16 in Axes
 16331 | Lair:6   | Reached XP level 14. HP: 123/123 MP: 20/20
 16784 | Lair:3   | Identified the +0 robe of the Furies {rF+ Str+3 Int-3
                  | Dex+3}
 17128 | D:12     | Found a shadowy altar of Dithmenos.
 17831 | D:12     | Found a staircase to the Orcish Mines.
 17898 | Orc:1    | Entered Level 1 of the Orcish Mines
 17969 | Orc:1    | Noticed Harold
 17973 | Orc:1    | Killed Harold
 18078 | Orc:2    | Entered Level 2 of the Orcish Mines
 18398 | Orc:2    | Found Ciaj's Distillery.
 18419 | Orc:2    | Found a staircase to the Elven Halls.
 18603 | Orc:2    | Noticed an orc warlord
 18719 | Orc:2    | Killed an orc warlord
 18894 | Orc:2    | Noticed an orc warlord
 18945 | Orc:2    | Killed an orc warlord
 19111 | Orc:2    | Found Waumiaf's Antique Armour Emporium.
 19113 | Orc:2    | Found Jilosissu's Antique Weapon Shoppe.
 19387 | Orc:2    | Found Ukesser's General Store.
 19600 | Orc:1    | You fall into a shaft and drop 1 floor!
 19736 | Orc:1    | Found a shimmering blue altar of Sif Muna.
 19753 | Orc:1    | Noticed Sonja
 19770 | Orc:1    | Killed Sonja
 20059 | D:13     | Reached skill level 10 in Armour
 20109 | D:13     | Noticed Rupert
 20133 | D:13     | Killed Rupert
 21138 | D:14     | Found a gate to the Vaults.
 21308 | D:14     | Found a portal to a secret trove of treasure.
 21317 | D:14     | Identified the +6 glaive of Evoerrid {venom, Fly}
 21377 | D:14     | Reached XP level 15. HP: 135/135 MP: 21/21
 22070 | D:14     | Noticed Agnes
 22081 | D:14     | Killed Agnes
 22208 | D:15     | Entered Level 15 of the Dungeon
 22347 | D:15     | Noticed Roxanne
 22512 | D:15     | Reached skill level 5 in Dodging
 22669 | D:15     | Reached skill level 15 in Fighting
 22891 | D:15     | Found a staircase to the Depths.
 23106 | D:15     | Found Tiyg Hogu's Book Boutique.
 23602 | Orc:2    | Bought a glowing scarf for 256 gold pieces
 23939 | Spider:1 | Entered Level 1 of the Spider Nest
 24673 | Spider:2 | Noticed Arachne
 24860 | Spider:1 | Blown up by an orb spider

Illustrated notes

Levels and vault maps discovered:
D:1:      lightli_arrival_noodles, layout_basic,
          chequers_ecumenical_altar_simple, minmay_statues_item
D:2:      layout_basic, basic_altar, minmay_rat_hole
D:3:      layout_loops_corners, mainiacjoe_overflow_concentric_impassable
D:4:      layout_layer_cave, nicolae_hepliaklqana_hippocampus
D:5:      layout_loops_ring, nemelex_xobeh_ov_fountains_minmay,
          mainiacjoe_overflow_24_doors, minitemple, minmay_temple_entry_ruins,
          uniq_crazy_yiuf_cottage
D:6:      layout_gridville, mainiacjoe_overflow_chevrons, uniq_pikel
D:7:      nzn_winding_woodlands_large [nzn_winding_woodlands_5x5_three,
          nzn_winding_woodlands_5x15_crooked,
          nzn_winding_woodlands_5x5_closed_star,
          nzn_winding_woodlands_center_pierced_h,
          nzn_winding_woodlands_15x15_boxy_spiral,
          nzn_winding_woodlands_center_diamonds,
          nzn_winding_woodlands_5x5_perimeter,
          nzn_winding_woodlands_5x15_sidewinder,
          nzn_winding_woodlands_5x5_open_star], layout_loops_cross,
          kiku_gazebo_pond_becter, mainiacjoe_overflow_brackets,
          kennysheep_windowed_goal, uniq_joseph
D:8:      layout_basic, pf_guarded_unrand_woodcutter, uniq_maurice, uniq_psyche
D:9:      layout_rooms, ashenzari_altar_1
D:10:     layout_basic, minivault_5, uniq_josephine, uniq_urug
D:11:     layout_roguey, dpeg_lair_monsters, serial_shops, shop,
          xom_teletrap_fun
D:12:     layout_long_grid, orc_0_dummy, nicolae_dithmenos_shadow_blocks
D:13:     layout_basic, uniq_rupert
D:14:     minmay_angry_zag, layout_basic, lightli_vaults_fourway_checkpoint,
          chequers_serial_rivers_micro_d, enter_trove_1, uniq_agnes
D:15:     grunt_enter_depths_hoard, layout_stronghold, serial_shops,
          nicolae_shop_waterfront, minmay_misc_feat_doors, uniq_roxanne
Lair:1:   layout_regular_city, uniq_amaemon
Lair:2:   layout_regular_city, grunt_megastairs_2
Lair:3:   layout_regular_city, serial_forest, infiniplex_forest_end_1,
          infiniplex_forest_clump_double, infiniplex_forest_corner_1,
          infiniplex_forest_clump_medium, infiniplex_forest_lined_3_way,
          infiniplex_forest_lined_2, infiniplex_forest_corner_2,
          infiniplex_forest_end_2
Lair:4:   layout_layer_cave, minmay_shoals_entry_centaurs,
          spider_nest_entry_rubble
Lair:5:   layout_loops_ring, grunt_megastairs_4
Lair:6:   minmay_lair_end_frog_pond, layout_regular_city,
          minmay_slime_entry_oklob_enclosed, lemuel_fruit_tree,
          serial_bayou_shore_a
Spider:1: layout_spider_delve
Spider:2: layout_spider_delve, uniq_arachne
Orc:1:    layout_diamond_mine, led_sif_book, uniq_harold, uniq_sonja
Orc:2:    grunt_orc_community_town_hall, layout_diamond_mine,
          grunt_orc_community_big_house_2, grunt_orc_community_big_house_2,
          grunt_orc_community_house_2, grunt_orc_community_house_3,
          grunt_orc_community_house_2, grunt_orc_community_house_2,
          bh_open_orc_temple

Skill      XL: |  1  2  3  4  5  6  7  8  9 10 11 12 13 14 15 |
---------------+----------------------------------------------+-----
Axes           | 3 4 5 7 9 10 11 12 14 16 | 16.0
Fighting       | 4 5 7 8 9 10 12 14 15 | 15.5
Slings         | 1 2 3 |  3.4
Armour         | 2 4 5 6 8 10 11 | 11.4
Invocations    | 3 5 7 8 9 |  9.0
Shields        | 1 3 4 5 7 |  7.6
Dodging        | 2 3 5 |  5.0

Action                   |  1- 3 |  4- 6 |  7- 9 | 10-12 | 13-15 || total
-------------------------+-------+-------+-------+-------+-------++-------
Melee: Hand axe          |   121 |    55 |   178 |   311 |       ||   665
       Tailslap          |    16 |    10 |    24 |    79 |   189 ||   318
       Punch             |     1 |       |     7 |       |       ||     8
       War axe           |       |       |       |   166 |   981 ||  1147
 Fire: Hunting sling     |       |   106 |   196 |    73 |    90 ||   465
Invok: Bend Space        |       |       |     2 |       |     5 ||     7
       Banish            |       |       |       |       |     7 ||     7
 Abil: Rolling Charge    |    23 |     6 |     2 |    50 |    93 ||   174
Evoke: Wand              |       |       |       |     2 |       ||     2
  Use: Scroll            |       |    12 |     5 |    14 |     5 ||    36
       Potion            |       |       |    11 |     2 |     6 ||    19
 Stab: Distracted        |       |       |       |     1 |       ||     1
       Petrifying        |       |       |       |       |     1 ||     1
       Petrified         |       |       |       |       |     2 ||     2
       Sleeping          |       |       |       |       |     1 ||     1
Armor: Leather armour    |    54 |    40 |   201 |   204 |   314 ||   813
       Skin              |       |       |     6 |       |       ||     6
       Plate armour      |       |       |       |       |   147 ||   147
Dodge: Dodged            |    70 |    35 |   152 |   193 |   331 ||   781
Block: Kite shield       |       |       |    40 |   259 |   585 ||   884

Table legend: (Time is in decaauts)
 A = Elapsed time spent in this place.
 B = Non-inter-level travel time spent in this place.
 C = Inter-level travel time spent in this place.
 D = Time resting spent in this place.
 E = Time spent auto-exploring this place.
 F = Levels seen in this place.
 G = Mean time per level.
                   A        B        C        D        E       F      G
               +--------+--------+--------+--------+--------+-----+--------+
         Total |  24915 |  22803 |   2112 |   2960 |  15172 |  26 |  958.3 |
       Dungeon |  15526 |  14412 |   1114 |   2236 |   9443 |  15 | 1035.1 |
          Lair |   6120 |   5631 |    489 |    394 |   4207 |   6 | 1020.0 |
   Spider Nest |    911 |    889 |     22 |    122 |    521 |   2 |  455.5 |
  Orcish Mines |   2346 |   1862 |    484 |    208 |   1000 |   2 | 1173.0 |
         Abyss |     11 |     11 |      0 |      0 |      0 |   1 |   11.0 |
               +--------+--------+--------+--------+--------+-----+--------+

Top non-repeatable levels by time:
   Orc:2: 1686 daAuts
     D:5: 1584 daAuts
  Lair:6: 1370 daAuts
    D:13: 1297 daAuts
  Lair:4: 1249 daAuts
    D:15: 1242 daAuts
     D:8: 1194 daAuts
     D:4: 1178 daAuts
     D:1: 1115 daAuts
     D:6: 1101 daAuts
     D:3: 1041 daAuts
  Lair:3: 945 daAuts
    D:12: 937 daAuts
  Lair:2: 895 daAuts
     D:2: 891 daAuts
